 Dungeon Crawl Stone Soup version 0.29.0-4-gdea44cf6ec (webtiles) character file.

Game seed: 17125805581180261487

13 qw the Chopper (level 2, 0/17 HPs)
             Began as a Tengu Warper on Aug 28, 2022.
             Succumbed to their own poison gas
             ... on level 1 of the Dungeon.
             The game lasted 00:00:03 (984 turns).

qw the Chopper (Tengu Warper)                        Turns: 984, Time: 00:00:04

Health: 0/17       AC:  5    Str: 11    XL:     2   Next: 37%
Magic:  5/6        EV: 10    Int: 13    God:
Gold:   102        SH:  0    Dex: 13    Spells: 5/5 levels left

rFire   . . .      SeeInvis .   Y - +0 hand axe
rCold   . . .      Faith    .   (no shield)
rNeg    . . .      Spirit   +   e - +0 ring mail
rPois   .          Reflect  .   (helmet restricted)
rElec   .          Harm     .   (no cloak)
rCorr   .          Rampage  .   (no gloves)
Will    .....                   (boots unavailable)
Stlth   +.........              g - amulet of guardian spirit
HPRegen 0.05/turn               (no ring)
MPRegen 0.10/turn               (no ring)

@: brilliant, lethally poisoned (0 -> -3)
A: beak, talons 3
a: no special abilities


You were on level 1 of the Dungeon.
You visited 1 branch of the dungeon, and saw 1 of its levels.

You collected 102 gold pieces.


Innate Abilities, Weirdness & Mutations

You have a beak for a mouth.
You have claws for feet.


   Skills:
 - Level 2.0 Fighting
 + Level 3.3 Axes
 - Level 1.0 Throwing
 - Level 1.1 Armour
 - Level 2.1 Dodging
 - Level 2.0 Spellcasting
 - Level 2.4 Translocations


You had 5 spell levels left.
You didn't know any spells.
Your spell library contained the following spells:

 Spells                   Type           Power      Damage    Failure   Level
 Blink                    Tloc           22%        N/A       34%         2
 Gell's Gravitas          Tloc           11%        N/A       56%         3
 Lesser Beckoning         Tloc           11%        N/A       56%         3
 Teleport Other           Tloc           11%        N/A       56%         3
 Manifold Assault         Tloc           11%        N/A       99%         5

Inventory:

Hand Weapons
 j - a +0 whip
 Y - a +0 hand axe (weapon)
Missiles
 k - 4 boomerangs (quivered)
Armour
 e - a +0 ring mail (worn)
Jewellery
 g - an amulet of guardian spirit (around neck)
Potions
 h - a potion of berserk rage {unknown}
 i - a potion of resistance {unknown}

Dungeon Overview and Level Annotations

Branches:
Dungeon (1/15)

Altars:


Message History

973 ||| READING scroll labelled LOESSOCKUU.
The air fills with toxic fumes!
As you read the scroll labelled LOESSOCKUU, it crumbles to dust.
It was a scroll of poison.
Done exploring.
974 ||| READING scroll labelled CEMURCH CEUPLECRAI.
As you read the scroll labelled CEMURCH CEUPLECRAI, it crumbles to dust.
It is a scroll of enchant armour.
Really abort (and waste the scroll)?
Done exploring.
975 ||| DRINKING 2 emerald potions.
It was a potion of brilliance.
You feel clever all of a sudden.
Done exploring.
976 ||| DROPPING scroll of blinking.
You drop a scroll of blinking.
Done exploring.
977 ||| DROPPING potion of brilliance.
You drop a potion of brilliance.
Done exploring.
(D) Dungeon
Where to? (* - list waypoints, ? - help)
What level of the Dungeon? (default 1, ? - help) Sorry, I don't know how to get there.
Done exploring.
978 ||| Stepping randomly (stuck).
Really walk into that cloud of poison gas?
You are engulfed in poison gas.
You are poisoned.
You feel very sick.
979 ||| Stepping ~*~*~tactically~*~*~ (cloud).
You feel very sick.
Things that are here:
a potion of brilliance; a scroll of blinking; a +0 leather armour
There is a lethal amount of poison in your body!
You feel sick.
There is a lethal amount of poison in your body!
You feel sick.
There is a lethal amount of poison in your body!
You feel sick.
There is a lethal amount of poison in your body!
You feel sick.
There is a lethal amount of poison in your body!
You die...

##.# #.........#
##.#########.........############
##.........'.....................
############.........############
############.......).##### #
..........>..%...........# #
####.......#############.# #
..........¤###########.#.# #
...........¤00¤¤@00¤¤0¤#.# #
####.......#¤000..¤###.#.# #
.#######...+00.0000# #.#.# #
~~~~~~~~##.#¤¤0.¤¤0# #.#.# #
~~~~~~~~~#0¤0####### #.#.########
~~~~~~~~~~#0.# #.#.........
~~~~~~~8~~~..# #.#.########
~~~~~~~~~~~..# #[....#
~~~~...~~~~..# #####.#


There were no monsters in sight!

Vanquished Creatures
  3 endoplasms (D:1)
  A giant cockroach (D:1)
  A quokka (D:1)
  2 ball pythons (D:1)
  2 bats (D:1)
  2 frilled lizards (D:1)
  2 rats (D:1)
13 creatures vanquished.

Notes
Turn   | Place    | Note
-------+----------+-------------------------------------------
     0 | D:1      | qw the Tengu Warper began the quest for the Orb.
     0 | D:1      | Reached XP level 1. HP: 12/12 MP: 4/4
     0 | D:1      | 0 ||| qw: Version: 0.1-a-89-g26bdef1
     0 | D:1      | 0 ||| qw: Game counter: 694
     0 | D:1      | 0 ||| qw: Always use a shield: true
     0 | D:1      | 0 ||| qw: God list: Okawaru
     0 | D:1      | 0 ||| qw: Allow faded altars: false
     0 | D:1      | 0 ||| qw: Do Orc after D:15 true
     0 | D:1      | 0 ||| qw: Do second Lair branch before Depths: true
     0 | D:1      | 0 ||| qw: Lair rune preference: random
     0 | D:1      | 0 ||| qw: Plans: Normal
     0 | D:1      | 0 ||| PLANNING D:1-11
   490 | D:1      | Reached skill level 3 in Axes
   490 | D:1      | Reached XP level 2. HP: 12/17 MP: 6/6
   790 | D:1      | Found a faded altar of an unknown god.
   957 | D:1      | 957 ||| UPGRADING to +0 ring mail.
   967 | D:1      | 967 ||| DROPPING +0 leather armour.
   968 | D:1      | 968 ||| UPGRADING to amulet of guardian spirit.
   973 | D:1      | 973 ||| READING scroll labelled LOESSOCKUU.
   974 | D:1      | 974 ||| READING scroll labelled CEMURCH CEUPLECRAI.
   975 | D:1      | 975 ||| DRINKING 2 emerald potions.
   976 | D:1      | 976 ||| DROPPING scroll of blinking.
   977 | D:1      | 977 ||| DROPPING potion of brilliance.
   978 | D:1      | 978 ||| Stepping randomly (stuck).
   979 | D:1      | 979 ||| Stepping ~*~*~tactically~*~*~ (cloud).
   981 | D:1      | HP: 4/17 [poisoned by you (poison gas)]
   983 | D:1      | HP: 1/17 [poisoned by you (poison gas)]
   984 | D:1      | Succumbed to their own poison gas

Levels and vault maps discovered:
D:1:      nzn_arrival_water_spiral, layout_basic, ebering_ecumenical_altar_box

Skill      XL: |  1 |
---------------+----+-----
Axes           | 3 |  3.3
Fighting       | |  2.0
Throwing       | |  1.0
Armour         | |  1.1
Dodging        | |  2.1
Spellcasting   | |  2.0
Translocations | |  2.4

Action                   || total
-------------------------++-------
Melee: Hand axe          ||    13
       Kick              ||     1
       Peck              ||     1
Throw: Boomerang         ||    19
  Use: Scroll            ||     2
       Potion            ||     1
Armor: Leather armour    ||     7
Dodge: Dodged            ||    10

Table legend:
 A = Non-vault XP
 B = Vault XP
 C = Vault XP percentage of total XP
 D = Non-vault monster count
 E = Vault monster count
 F = Vault count percentage of total count
                 A         B        C        D         E       F
            +---------+---------+-------+---------+---------+-------
      Total |      19 |       0 |   0.0 |      13 |       0 |   0.0
            +---------+---------+-------+---------+---------+-------
        D:1 |      19 |       0 |   0.0 |      13 |       0 |   0.0
            +---------+---------+-------+---------+---------+-------
